Map: Dusty Gorge

Players

Adversity - Winner!

  • Race: Terran Terran
  • Spawn Location: 5:00

kobe - Winner!

  • Race: Zerg Zerg
  • Spawn Location: 3:00

DatumFlux

  • Race: Protoss Protoss
  • Spawn Location: 9:00

akicitawaste

  • Race: Protoss Protoss
  • League: Diamond
  • Spawn Location: 11:00

VOD

Have the link to the VOD?

Description

Time

  • Played on: Oct. 11, 2018, 11:52 a.m.
  • Length: 7:54
Show
View Real Time Build Order
Export as new Build Order

Adversity Terran - Winner!

Build Orders: Reaper Expand 

Get SALT Encoding   

  12  0:00  SCV  
  13  0:12  SCV  
  14  0:21  Supply Depot  
  14  0:25  SCV  
  15  0:42  SCV  
  16  0:44  Barracks  
  16  0:48  Refinery  
  16  0:54  SCV  
  17  1:06  SCV  
  18  1:18  SCV  
  19  1:31  Reaper  
  19  1:32  Orbital Command  
  20  1:45  Command Center  
  20  1:55  Supply Depot  
  20  1:57  SCV  
  21  2:03  Barracks Reactor  
  21  2:13  SCV  
  21  2:14  Barracks  
  22  2:19  Barracks  
  22  2:25  SCV  
  23  2:33  Supply Depot  
  23  2:37  SCV  
  24  2:52  SCV  
  24  2:53  Marine x2  
  27  3:05  Engineering Bay, Orbital Command  
  27  3:06  SCV  
  27  3:08  Marine, Barracks Tech Lab  
  27  3:10  Marine  
  27  3:11  Marine  
  31  3:18  SCV  
  32  3:26  Marine x2  
  34  3:30  SCV  
  34  3:31  SCV  
  34  3:32  Missile Turret  
  36  3:37  Missile Turret  
  36  3:38  Stimpack  
  36  3:42  SCV  
  36  3:44  SCV  
  38  3:48  Refinery  
  38  3:52  Factory  
  38  3:54  SCV  
  39  3:56  SCV  
  40  4:06  Marine x4, SCV  
  40  4:08  SCV  
  45  4:13  Supply Depot  
  45  4:18  SCV  
  45  4:20  SCV  
  47  4:24  Marine x3  
  47  4:25  Barracks, Marine  
  47  4:26  Barracks  
  47  4:31  SCV  
  52  4:32  SCV  
  53  4:41  Starport  
  53  4:45  Factory Reactor  
  53  4:48  Engineering Bay, SCV x2  
  53  4:50  Refinery, Barracks Reactor  
  53  4:51  Refinery  
  55  4:55  Supply Depot  
  55  4:56  Terran Infantry Weapons Level 1  
  55  5:00  Marine x2  
  55  5:02  SCV x2  
  59  5:12  Supply Depot  
  59  5:14  Barracks Reactor, SCV x2  
  59  5:15  Barracks Reactor  
  61  5:24  Terran Infantry Armor Level 1  
  61  5:25  Supply Depot  
  61  5:26  SCV x2  
  63  5:29  Marine x4  
  63  5:32  Marine  
  68  5:41  Medivac x2  
  72  5:49  Supply Depot, Marine x4  
  74  5:50  Supply Depot  
  74  5:51  Marine  
  74  5:53  Marine x3  
  74  5:55  Combat Shield  
  80  5:57  Marine  
  80  6:04  Armory  
  81  6:11  Marine x7  
  83  6:12  Marine  
  83  6:15  Marine  
  89  6:31  Marine x3  
  89  6:32  Marine x2  
  86  6:33  Marine x4  
  86  6:34  Medivac x2  
  86  6:39  Supply Depot  
  94  6:49  Marine x4  
  94  6:51  Marine x4  
  102  7:00  Marine  
  103  7:04  Medivac x2  
  107  7:08  Supply Depot  
  107  7:16  Marine x2  
  107  7:19  Marine  
  110  7:24  Supply Depot  
  110  7:30  Marine x2  
  110  7:33  Supply Depot  
Show
View Real Time Build Order
Export as new Build Order

kobe Zerg - Winner!

Build Orders: Pool First 

Get SALT Encoding   

  12  0:02  Drone  
  13  0:08  Drone  
  14  0:17  Extractor  
  14  0:18  Drone  
  14  0:34  Spawning Pool  
  13  0:37  Drone  
  14  0:46  Overlord  
  14  0:54  Drone, Extractor  
  15  1:04  Drone x2  
  17  1:23  Metabolic Boost  
  17  1:28  Queen  
  19  1:33  Overlord  
  19  1:55  Zergling x2, Hatchery  
  19  2:01  Zergling x2  
  20  2:04  Zergling x2  
  21  2:09  Zergling x2  
  22  2:18  Queen  
  24  2:23  Zergling x2  
  24  2:29  Overlord  
  25  2:38  Zergling x2  
  26  2:52  Zergling x2  
  26  2:54  Zergling x4  
  28  3:05  Zergling x2  
  28  3:14  Zergling x2  
  27  3:27  Drone  
  28  3:29  Drone x3  
  29  3:45  Zergling x2  
  26  3:48  Zergling x4  
  26  3:49  Drone, Zergling x4  
  26  3:53  Drone  
  26  3:55  Roach Warren  
  30  4:03  Drone  
  30  4:07  Drone  
  30  4:09  Drone x3  
  35  4:13  Drone  
  36  4:18  Drone x2  
  36  4:20  Drone  
  36  4:22  Drone  
  40  4:26  Drone  
  38  4:39  Zergling x2  
  38  4:40  Zergling x10  
  42  4:46  Extractor  
  42  4:47  Drone x2  
  42  4:48  Drone  
  42  4:51  Drone, Evolution Chamber  
  44  4:53  Evolution Chamber  
  44  4:54  Zergling x2, Extractor  
  44  4:55  Extractor  
  42  5:01  Lair, Queen  
  44  5:13  Overlord  
  44  5:14  Overlord  
  44  5:24  Zerg Missile Weapons Level 1  
  44  5:30  Overlord  
  44  5:33  Drone x2  
  44  5:34  Drone  
  44  5:35  Drone  
  48  5:36  Drone x3  
  50  5:43  Drone x3  
  50  5:46  Drone  
  50  5:48  Drone  
  55  5:51  Zerg Ground Armor Level 1  
  56  5:57  Drone x3  
  56  6:03  Drone  
  59  6:11  Drone x2  
  61  6:15  Drone, Hydralisk Den  
  61  6:17  Drone x2  
  63  6:22  Spore Crawler  
  62  6:29  Zergling x2  
  63  6:33  Drone  
  63  6:34  Glial Reconstitution  
  63  6:36  Drone  
  63  6:37  Spore Crawler  
  64  6:44  Drone  
  65  6:50  Drone x2  
  65  6:54  Overlord  
  67  7:04  Hatchery  
  66  7:12  Roach  
  66  7:14  Roach x3  
  74  7:28  Extractor  
  74  7:29  Roach, Extractor  
  74  7:45  Infestation Pit  
Show
View Real Time Build Order
Export as new Build Order

DatumFlux Protoss 

Build Orders:  

Get SALT Encoding   

  1  0:00  Probe  
  13  0:07  Probe  
  14  0:17  Probe  
  15  0:24  Pylon  
  15  0:31  Assimilator  
  15  0:42  Probe  
  16  0:43  Gateway  
  16  0:50  Assimilator  
  16  0:54  Probe  
  17  1:05  Pylon  
  17  1:06  Probe  
  18  1:15  Probe  
  18  1:23  Probe  
  20  1:34  Cybernetics Core  
  20  1:38  Zealot  
  22  1:47  Probe  
  23  1:59  Probe  
  24  2:06  Zealot  
  26  2:11  Stargate  
  26  2:16  Stargate  
  26  2:22  Forge  
  26  2:28  Pylon  
  26  2:34  Adept  
  26  2:57  Photon Cannon  
  26  2:58  Photon Cannon  
    3:39  Probe  
  1  4:21  Probe  
  2  4:55  Probe  
  3  5:14  Probe  
  4  6:07  Probe  
  5  6:15  Probe  
  5  6:25  Probe  
  7  6:37  Probe  
  8  6:57  Probe  
  9  7:05  Probe  
  9  7:13  Probe  
  11  7:23  Probe  
  12  7:36  Probe  
Show
View Real Time Build Order
Export as new Build Order

akicitawaste Protoss 

Build Orders: Oracle Opening 

Get SALT Encoding   

  12  0:09  Probe, Pylon  
  13  0:18  Probe  
  13  0:27  Probe  
  15  0:36  Gateway  
  15  0:40  Probe  
  16  0:47  Assimilator  
  16  0:51  Probe  
  17  0:59  Probe  
  18  1:07  Probe  
  19  1:19  Probe  
  20  1:26  Cybernetics Core  
  20  1:29  Assimilator  
  20  1:31  Probe  
  21  1:43  Probe  
  22  1:49  Pylon  
  22  1:55  Probe  
  22  2:00  Assimilator  
  23  2:10  Probe  
  23  2:12  Stalker, Stargate  
  23  2:22  Probe  
  26  2:23  Warp Gate  
  26  2:28  Pylon  
  26  2:34  Probe  
  27  2:42  Stalker  
  29  2:46  Probe  
  30  3:00  Oracle  
  30  3:02  Probe  
  34  3:16  Gateway, Stalker  
  34  3:17  Gateway  
  34  3:18  Probe  
  37  3:30  Probe  
  37  3:33  Pylon  
  38  3:42  Probe  
  37  3:51  Oracle  
  40  3:57  Stalker  
  40  4:22  Nexus  
  40  4:24  Pylon  
  40  4:29  Adept x2  
  42  4:40  Oracle  
  42  4:44  Adept  
  44  4:46  Probe  
  48  4:58  Probe  
  49  5:06  Pylon, Shield Battery  
  49  5:10  Probe  
  50  5:15  Sentry x2  
  54  5:22  Probe  
  54  5:23  Pylon  
  54  5:27  Forge  
  55  5:34  Probe  
  55  5:35  Oracle  
  59  5:48  Probe x2  
  61  5:59  Twilight Council  
  61  6:00  Probe  
  61  6:03  Adept  
  64  6:05  Adept  
  64  6:08  Adept  
  68  6:21  Photon Cannon  
  66  6:36  Adept x3  
  72  6:45  Probe x2  
  74  6:57  Probe x2  
  76  7:05  Photon Cannon  
  76  7:06  Photon Cannon  
  76  7:07  Shield Battery  
  76  7:09  Probe  
  76  7:10  Shield Battery  
  77  7:27  Probe  
  78  7:37  Pylon  
  78  7:38  Pylon  
Tags
 
Add a new tag
Caveats
  • Supply blocks, unpowered buildings, or Contaminate may cause inaccurate times.
  • Supply counts are checked every 10 seconds.